 Dungeon Crawl Stone Soup version 0.18.1-50-g88ac8fd (webtiles) character file.

3639 Chiseanne the Unseen (level 9, 0/42 HPs)
             Began as a Spriggan Assassin on Mar 28, 2017.
             Was an Initiate of Gozag.
             Slain by a hill giant
             ... wielding a +0 giant spiked club
              (28 damage)
             ... on level 9 of the Dungeon.
             The game lasted 00:32:33 (10636 turns).

Chiseanne the Unseen (Spriggan Assassin)           Turns: 10636, Time: 00:32:34

Health: 0/42       AC:  4    Str:  6    XL:     9   Next: 87%
Magic:  10/10      EV: 17    Int: 13    God:    Gozag
Gold:   83         SH:  0    Dex: 21    Spells: 0 memorised, 8 levels left

rFire  . . .     SeeInvis +     a - +2 dagger
rCold  . . .     Gourm    .     n - +0 robe (curse)
rNeg   . . .     Faith    .     (shield restricted)
rPois  .         Spirit   .     (helmet restricted)
rElec  .         Dismiss  .     d - +0 cloak
rCorr  .         Reflect  .     (gloves unavailable)
SustAt .         Harm     .     (boots unavailable)
MR     ++...     Rnd*Tele +     (no amulet)
Stlth  ++++++++..               c - ring of teleportation (curse)
                                l - ring of protection from magic

@: gold aura, very quick, very resistant to hostile enchantments,
extraordinarily stealthy
A: unfitting armour, icy blue scales 1, see invisible, herbivore 3, speed 3,
slow metabolism 2
a: Potion Petition, Call Merchant, Bribe Branch, Renounce Religion


You were on level 9 of the Dungeon.
You worshipped Gozag.
Gozag was noncommittal.
You were very full.

You visited 2 branches of the dungeon, and saw 10 of its levels.

You collected 670 gold pieces.
You spent 494 gold pieces at shops.
You paid 93 gold pieces to Gozag.

Inventory:

Hand Weapons
 a - a +2 dagger (weapon)
 b - a +0 rapier
 e - a +5 hunting sling of evasion
 s - a +2 quarterstaff of chaos
 w - a +1 blowgun
Missiles
 h - 353 stones (quivered)
 i - 122 bolts
 r - 139 arrows
 u - a throwing net
 v - 11 tomahawks
 x - 32 poisoned needles
Armour
 d - a +0 cloak (worn)
 n - a cursed +0 robe (worn)
 A - the +2 robe of vines {NoDeviceHeal Regen+7}
   (You found it on level 6 of the Dungeon)

   It increases your rate of regeneration.
Jewellery
 c - a cursed ring of teleportation (right hand)
 l - a ring of protection from magic (left hand)
 K - an uncursed ring of stealth {unknown}
Wands
 F - a wand of iceblast (10/15)
 I - a wand of confusion (9/48)
Scrolls
 t - a scroll of remove curse
 z - 2 scrolls of magic mapping
 E - a scroll of amnesia
 J - a scroll of fear
 L - a scroll of teleportation
 O - a scroll of identify
Potions
 f - a potion of cure mutation {unknown}
 j - 3 potions of magic
 k - 2 potions of brilliance
 q - 2 potions of agility
 B - a potion of flight
 C - a potion of curing
 D - a potion of resistance
 G - a potion of lignification
 H - a potion of berserk rage
 N - a potion of ambrosia {unknown}
Books
 m - a book of Callings

   Spells                             Type                      Level
   a - Summon Small Mammal            Summoning                    1
   b - Call Imp                       Summoning                    2
   c - Call Canine Familiar           Summoning                    3
   d - Summon Guardian Golem          Hexes/Summoning              3
   e - Summon Lightning Spire         Summoning/Air                4
   f - Summon Ice Beast               Ice/Summoning                4
 y - a book of Transfigurations

   Spells                             Type                      Level
   a - Irradiate                      Conjuration/Transmutation    5
   b - Statue Form                    Transmutation/Earth          6
   c - Hydra Form                     Transmutation                6
   d - Dragon Form                    Transmutation                7
Miscellaneous
 o - a plain deck of changes {drawn: 2}
Comestibles
 g - 6 bread rations
 p - a slice of pizza


   Skills:
 - Level 1.7 Fighting
 - Level 2.1 Short Blades
 * Level 5.8(8.2) Slings
 - Level 7.5(8.1) Throwing
 - Level 1.9 Dodging
 * Level 16.7 Stealth


You had 8 spell levels left.
You didn't know any spells.

Dungeon Overview and Level Annotations

Branches:
Dungeon (9/15)             Temple (1/1) D:7            Lair (0/8) D:8
    Orc: D:9-12

Altars:
Ashenzari
Cheibriados
Dithmenos
Elyvilon
Fedhas
Gozag
Kikubaaqudgha
Makhleb
Nemelex Xobeh
Okawaru
Pakellas
Qazlal
Ru
Sif Muna
Trog
Vehumet
Xom
Yredelemnul
Zin
The Shining One

Shops:
D:5 (   D:6 (   D:7 *   D:8 [([   D:9 *

Annotations:
D:5 Menkaure
D:8 Chiseanne's ghost, novice SpAs


Innate Abilities, Weirdness & Mutations

You are tiny and cannot use many weapons and most armour.
You have supernaturally acute eyesight.
You are a herbivore.
You cover ground extremely quickly.
You need consume almost no food.
You are partially covered in icy blue scales (AC +1).


Message History

The curare-tipped needle hits the hill giant.
The hill giant is poisoned.
The hill giant convulses.
The hill giant seems to slow down.
The hill giant is moderately wounded.
Evoke which item? (* to show all) (? for menu, Esc to quit)
Zapping:
I - a wand of confusion {zapped: 5} (will waste charges)
Press: ? - help, Shift-Dir - straight line, f/p - hill giant
Aim: a hill giant, wielding a giant spiked club (moderately wounded, slow, poisoned, chance to defeat MR: 28%)
The hill giant appears confused.
Evoking this partially-identified wand wasted a few charges.
Wield which item (- for none, * to show all)? (? for menu, Esc to quit)
a - a +2 dagger (weapon)
You hit the hill giant.
The hill giant is moderately wounded.
You hit the hill giant.
The hill giant is moderately wounded.
The hill giant hits you with a giant spiked club!!
Ouch! That really hurt!
You die...
Your body crumbles into a pile of gold.

#...#|.)#...#
#C#...#...#.$.#
#.#...#|..#...#
#.##########'##
#.#...#...#...#
#.#.$(C5$.(..(#
#.#...#...#...#
#.######'######
#..@C5(..#
##########


You could see a hill giant (confused) and a crimson imp.

Vanquished Creatures
  A troll (shapeshifter) (D:9)
  A vampire (D:9)
  A yak (D:8)
  Eustachio (D:5)
  A steam dragon (D:9)
  2 ice beasts
  A black bear (D:6)
  A sky beast (D:7)
  An orc warrior (D:7)
  3 ogres
  2 centaurs
  2 big kobolds (D:8)
  A wyvern zombie (D:6)
  4 giant frogs
  A water moccasin zombie (D:6)
  A scorpion (D:4)
  2 wights (D:8)
  A howler monkey (D:4)
  3 crimson imps
  A centaur zombie (D:6)
  An orc priest (D:5)
  A giant frog skeleton (D:4)
  Crazy Yiuf (D:6)
  8 hounds
  2 jellies
  3 iguanas
  Ijyb (D:2)
  5 orc wizards
  7 worker ants
  Terence (D:2)
  A killer bee zombie (D:7)
  A worker ant zombie (D:8)
  Robin (D:2)
  8 adders
  11 gnolls
  An ooze (D:1)
  8 worms
  4 dart slugs
  2 giant geckos
  20 orcs
  6 giant cockroaches
  21 goblins
  12 hobgoblins
  2 jackals (D:3)
  12 kobolds
  2 quokkas
  A ball python (D:3)
  6 bats
  A giant cockroach zombie (D:5)
  A giant gecko skeleton (D:7)
  6 giant newts
  4 rats
192 creatures vanquished.

Notes
Turn   | Place    | Note
--------------------------------------------------------------
     0 | D:1      | Chiseanne the Spriggan Assassin began the quest for the Orb.
     0 | D:1      | Reached XP level 1. HP: 10/10 MP: 2/2
    67 | D:1      | Reached skill level 6 in Stealth
   311 | D:1      | Reached XP level 2. HP: 15/15 MP: 3/3
   480 | D:1      | Reached skill level 7 in Stealth
   771 | D:2      | Noticed Terence
   787 | D:2      | Reached XP level 3. HP: 14/18 MP: 4/4
   805 | D:2      | Killed Terence
   832 | D:2      | Noticed Robin
   885 | D:2      | Reached skill level 8 in Stealth
  1348 | D:2      | Reached XP level 4. HP: 21/23 MP: 5/5
  1468 | D:2      | Killed Robin
  1892 | D:2      | Noticed Ijyb
  1936 | D:2      | Killed Ijyb
  1936 | D:2      | Reached skill level 9 in Stealth
  2120 | D:2      | Reached XP level 5. HP: 23/26 MP: 6/6
  2749 | D:3      | Reached skill level 10 in Stealth
  3029 | D:4      | Noticed an ogre
  3031 | D:4      | Found a shadowy altar of Dithmenos.
  3035 | D:4      | Killed an ogre
  3039 | D:4      | Reached XP level 6. HP: 30/30 MP: 7/7
  3101 | D:4      | Reached skill level 11 in Stealth
  3261 | D:4      | Reached skill level 12 in Stealth
  3640 | D:4      | Reached XP level 7. HP: 34/34 MP: 8/8
  4230 | D:5      | Entered Level 5 of the Dungeon
  4240 | D:5      | Found Puexiahi's Weapon Shop.
  4403 | D:5      | Noticed Menkaure
  4440 | D:5      | HP: 1/34 [orc wizard/magic dart (5)]
  4663 | D:5      | Noticed Eustachio
  4674 | D:5      | Killed Eustachio
  4674 | D:5      | Reached skill level 13 in Stealth
  5516 | D:5      | Found a sparkling altar of Nemelex Xobeh.
  5541 | D:5      | Found a sacrificial altar of Ru.
  5811 | D:5      | Reached XP level 8. HP: 38/38 MP: 9/9
  5918 | D:5      | Reached skill level 5 in Throwing
  6970 | D:6      | Reached skill level 14 in Stealth
  7175 | D:6      | Found an opulent altar of Gozag.
  7181 | D:6      | Became a worshipper of Gozag Ym Sagoz the Greedy
  7349 | D:6      | Found Xuuze's Weapon Boutique.
  7413 | D:5      | Bought a +2 hunting sling of evasion for 193 gold pieces
  7491 | D:6      | Found an iron altar of Okawaru.
  8024 | D:6      | Noticed Crazy Yiuf
  8030 | D:6      | Killed Crazy Yiuf
  8079 | D:7      | Found Fotauc's Assorted Antiques.
  8146 | D:7      | Found a stormy altar of Qazlal.
  8146 | D:7      | Found a radiant altar of Vehumet.
  8152 | D:7      | Found an iron altar of Okawaru.
  8308 | D:7      | Reached XP level 9. HP: 27/42 MP: 10/10
  8321 | D:7      | Reached skill level 15 in Stealth
  8497 | D:7      | Found a white marble altar of Elyvilon.
  8652 | D:7      | Found an oddly glowing altar of Pakellas.
  8653 | D:7      | Bought a scroll of identify for 50 gold pieces
  8653 | D:7      | Bought a scroll of identify for 50 gold pieces
  8653 | D:7      | Bought a scroll labeled NONECV ZICA for 25 gold pieces
  8657 | D:7      | Gained mutation: You are partially covered in icy blue scales (AC +1). [potion of beneficial mutation]
  8686 | D:7      | Found a staircase to the Ecumenical Temple.
  8778 | Temple   | Entered the Ecumenical Temple
  9420 | D:8      | Drew Focus: Dex increased to 21, Str decreased to 6
  9481 | D:8      | Reached skill level 1 in Slings
  9575 | D:8      | Found Xuces's Antique Armour Shop.
  9576 | D:8      | Noticed Chiseanne's ghost (novice SpAs)
  9604 | D:8      | Found Noyxygg's Weapon Emporium.
  9992 | D:8      | Found Jumo's Antique Armour Shop.
 10221 | D:8      | Found a staircase to the Lair.
 10513 | D:9      | Found Viaguik's General Store.
 10518 | D:9      | Reached skill level 16 in Stealth
 10523 | D:9      | Bought 7 curare-tipped needles for 50 gold pieces
 10523 | D:9      | Bought a scroll of magic mapping for 42 gold pieces
 10523 | D:9      | Bought a bread ration for 60 gold pieces
 10523 | D:9      | Bought a scroll of identify for 24 gold pieces
 10559 | D:9      | Reached skill level 5 in Slings
 10563 | D:9      | Noticed a hill giant
 10569 | D:9      | Noticed a salamander
 10580 | D:9      | Noticed a fire crab
 10580 | D:9      | a salamander changed into a fire crab
 10582 | D:9      | Noticed a troll
 10582 | D:9      | a fire crab changed into a troll
 10623 | D:9      | Noticed a hill giant
 10630 | D:9      | Killed a troll
 10636 | D:9      | Slain by a hill giant

Skill      XL: |  1  2  3  4  5  6  7  8  9 |
---------------+----------------------------+-----
Stealth        | 6 7 8 9 10 12 13 14 16 | 16.7
Throwing       | 4 7 |  7.5
Slings         | 5 |  5.8
Fighting       | |  1.7
Short Blades   | |  2.1
Dodging        | |  1.9

Action                   |  1- 3 |  4- 6 |  7- 9 || total
-------------------------+-------+-------+-------++-------
Melee: Dagger            |    84 |   128 |   328 ||   540
 Fire: Blowgun           |    17 |    55 |    78 ||   150
       Hunting sling     |       |    22 |   216 ||   238
Throw: Stone             |       |     7 |     6 ||    13
Evoke: Wand              |       |       |     3 ||     3
       Deck              |       |       |     2 ||     2
  Use: Scroll            |       |    12 |    11 ||    23
       Potion            |       |       |     6 ||     6
 Stab: Sleeping          |     7 |    14 |    32 ||    53
       Distracted        |       |     2 |     4 ||     6
  Eat: Bread ration      |       |       |     1 ||     1
       Fruit             |       |       |     8 ||     8
Armor: Robe              |    10 |     9 |    31 ||    50
       Skin              |       |       |     5 ||     5
Dodge: Dodged            |    57 |    70 |   275 ||   402
